[Event "*** Titled Tuesday Blitz"]
[Site "Chess.com"]
[Date "2021.03.16"]
[Round "8"]
[White "ShahMatKanal"]
[Black "tylityli"]
[Result "1-0"]
[WhiteElo "2461"]
[BlackElo "2281"]
[TimeControl "180+1"]
[EndTime "11:28:33 PDT"]
[Termination "ShahMatKanal won by resignation"]

1. c4 c5 2. g3 Nf6 3. Bg2 d5 4. cxd5 Nxd5 5. Nc3 Nc7 6. Nh3 e5 7. O-O Be7 8. d3 O-O 9. f4 Nd7 10. Qb3 Rb8 11. fxe5 Nxe5 12. Bf4 Ng6 13. Be3 b6 14. Nf4 Nxf4 15. Bxf4 Be6 16. Qa4 a5 17. Qc6 Rc8 18. Qxb6 g5 19. Be3 Rb8 20. Qxa5 Rxb2 21. Rac1 Nd5 22. Qxd8 Rxd8 23. Nxd5 Bxd5 24. Bxc5 Bxc5+ 25. Rxc5 Bxg2 26. Kxg2 Rxe2+ 27. Rf2 Rxf2+ 28. Kxf2 Rxd3 29. Rxg5+ Kf8 30. Re5 Ra3 31. Re2 Kg7 32. Ke1 Kg6 33.
Kd1 f5 34. Kc1 Kg5 35. Kb2 Ra6 36. a3 h5 37. Kb3 h4 38. a4 Kg4 39. Re3 f4 40.
gxf4 Kxf4 41. Rc3 Re6 42. a5 Kg4 43. h3+ Kf4 44. Kb4 Re1 45. a6 Rb1+ 46. Rb3 Ra1 47. Ra3 Rb1+ 48. Ka5 Rb8 49. a7 Ra8 50. Kb6 Ke4 51.
Kb7 1-0

[Event "*** Titled Tuesday Blitz"]
[Site "Chess.com"]
[Date "2021.03.16"]
[Round "8"]
[White "lukazz029"]
[Black "Aradhya2000"]
[Result "1-0"]
[WhiteElo "2258"]
[BlackElo "2563"]
[TimeControl "180+1"]
[EndTime "11:28:35 PDT"]
[Termination "lukazz029 won by checkmate"]

1. e4 e5 2. Nf3 Nc6 3. Bb5 a6 4. Ba4 Nf6 5. O-O b5 6. Bb3 Bc5 7. c3 d6 8. d3 O-O 9. h3 Ne7 10.
Re1 Ng6 11. Nbd2 Nh5 12. Nf1 Nhf4 13. d4 Bb6 14. Ng3 h6 15. Nf5 Qf6 16. Bc2 c5 17.
Be3 Bb7 18. d5 Bc8 19. Kh2 Bxf5 20. exf5 Ne7 21. Bxf4 exf4 22. Qd2 Rfe8 23. Rad1 c4 24.
Qxf4 Bxf2 25. Re2 Bc5 26. Rde1 Ra7 27. g4 g5 28. Qd2 Rd8 29. Kg3 Kg7 30. Rh1 Ng8 31.
h4 Re7 32. hxg5 hxg5 33. Reh2 Rde8 34. Qxg5+ Qxg5 35. Nxg5 Re3+ 36. Kf4 Nf6 37. Nf3 Nxd5+ 38. Kg3 Nf6 39. g5 Ne4+ 40. Bxe4 R3xe4 41. Rh7+ Kf8 42. f6 Bf2+ 43. Kxf2 Re2+ 44. Kg3 Rg2+ 45. Kxg2 Re2+ 46. Kg3 Rg2+ 47. Kxg2 Ke8 48. Re1+ Kd7 49. Rxf7+ Kc6 50. g6 Kd5 51. g7 Kc6 52. g8=Q Kc5 53. Qc8+ Kb6 54. Qb7+ Kc5 55. b4+ cxb3 56. Rc7# 1-0

[Event "*** Titled Tuesday Blitz"]
[Site "Chess.com"]
[Date "2021.03.16"]
[Round "8"]
[White "Srisshhhtea"]
[Black "Oligan22"]
[Result "0-1"]
[WhiteElo "2283"]
[BlackElo "2481"]
[TimeControl "180+1"]
[EndTime "11:28:42 PDT"]
[Termination "Oligan22 won by checkmate"]

1. e4 e5 2. Nc3 d6 3. Nb1 Nf6 4. Nc3 Be7 5. Be2 c5 6. Bc4 Nc6 7. d3 O-O 8. f4 a6 9. f5 b5 10.
Bd5 Bb7 11. Nf3 b4 12. Ne2 Nxd5 13. exd5 Nd4 14. Nexd4 cxd4 15. O-O Bxd5 16. Qe1 Rc8 17. Qg3 Rxc2 18. Bh6 Bf6 19. Ne1 Kh8 20. Bxg7+ Bxg7 21.
Nxc2 Bh6 22. Qh3 Rg8 23. Rf2 Qf6 24. Nxb4 Bb7 25. Nc2 Bf4 26. g3 Bg5 27. Re1 Rc8 28.
Qf1 Bd5 29. b3 a5 30. Qe2 Rc5 31. Rd1 Kg7 32. h4 Bh6 33. Kh2 Kf8 34. Re1 Qd8 35.
Qh5 Bg7 36. f6 Bxf6 37. Ref1 Qc7 38. Ne1 Bg7 39. Qxh7 Rc1 40. Ng2 Rc2 41. h5 Rxf2 42. Rxf2 Qc1 43. a4 Bh6 44. Qh8+ Ke7 45. Qf6+ Kd7 46. Qf5+ Ke7 47. Qf6+ Kd7 48. Qf5+ Kc7 49. Qh7 Be3 50. Rxf7+ Kb6 51. Nxe3 Qh1# 0-1

[Event "*** Titled Tuesday Blitz"]
[Site "Chess.com"]
[Date "2021.03.16"]
[Round "8"]
[White "Lady_Nika"]
[Black "IAgrest"]
[Result "1-0"]
[WhiteElo "2393"]
[BlackElo "2275"]
[TimeControl "180+1"]
[EndTime "11:28:42 PDT"]
[Termination "Lady_Nika won on time"]

1. d4 Nf6 2. e3 g6 3. f4 Bg7 4. Nf3 O-O 5. c3 d6 6. Be2 Nbd7 7. O-O Ne4 8. Nbd2 Nxd2 9. Bxd2 e5 10. fxe5 dxe5 11.
Bc4 e4 12. Ne1 c5 13. Nc2 Nb6 14. Be2 Be6 15. b3 cxd4 16. exd4 Rc8 17. Rc1 f5 18.
Kh1 Kh8 19. Na3 a6 20. Qe1 Qe7 21. Nb1 Rfd8 22. Qg3 Bf6 23. Bf4 Bf7 24. Nd2 Nd5 25. Be5 Bxe5 26. dxe5 f4 27. Rxf4 Nxf4 28. Qxf4 Bd5 29.
Nxe4 Bxe4 30. Qxe4 Qg5 31. Rf1 Rxc3 32. e6 Re3 33. Qc4 b5 34. Qc2 Rxe6 35. Bf3 Qe5 36. h3 b4 37. Qc4 a5 38. Qh4 Rd4 39. Bg4 Re8 40. Qh6 Qg7 41. Qg5 Rdd8 42. Qxa5 Rd2 43.
Qxb4 Rxa2 44. Qb5 Rd8 45. Qg5 Rad2 46. Be6 h6 47. Qg3 Rd1 48. Qf3 Rxf1+ 49. Qxf1 Qe5 50. Bc4 Qg7 51. Qf4 Rd1+ 52. Kh2 Rd8 53. h4 Qe7 54.
Kh3 Kg7 55. Qg4 h5 56. Qg3 Qf6 57. Qc7+ Kh6 58. Qg3 Re8 59. Qd3 Re5 60. Qd2+ 1-0

[Event "*** Titled Tuesday Blitz"]
[Site "Chess.com"]
[Date "2021.03.16"]
[Round "8"]
[White "Shuvalov"]
[Black "AlexPapasimakopoulos"]
[Result "0-1"]
[WhiteElo "2485"]
[BlackElo "2619"]
[TimeControl "180+1"]
[EndTime "11:28:43 PDT"]
[Termination "AlexPapasimakopoulos won on time"]

1. Nf3 f5 2. d4 Nf6 3. g3 g6 4.
Bg2 Bg7 5. O-O O-O 6. c3 Kh8 7. Nbd2 Nc6 8. Re1 d5 9. c4 e6 10. b3 Ne4 11. e3 a5 12. a3 Bd7 13. Bb2 a4 14. b4 Na7 15. Ne5 Nc6 16. Ndf3 Ne7 17.
Qc2 Nc6 18. Red1 Nxe5 19. Nxe5 c6 20. Nd3 Nd6 21. cxd5 exd5 22. Bf1 Nc4 23. Bc1 Re8 24. Nc5 b5 25. Ra2 Bc8 26. Bg2 Ra7 27. Qb1 Qf6 28.
Re2 Rae7 29. Qc2 h5 30. Rd3 h4 31. f3 Bh6 32. e4 Bxc1 33. Qxc1 fxe4 34. fxe4 dxe4 35.
Rxe4 g5 36. Rf3 Qg7 37. Qe1 Qxd4+ 38. Kh1 Rxe4 39. Nxe4 h3 40. Rf7 hxg2+ 41. Kxg2 Qxe4+ 42. Qxe4 Rxe4 43. Rf8+ Kg7 44. Rxc8 Re6 45. Kf3 Nxa3 46. Kg4 Kf6 47. Rf8+ Ke5 48. Ra8 Nc2 49. Kxg5 Nxb4 50. h4 Re7 51. Kg6 Re6+ 52. Kg5 Nd5 53. h5 Re7 54.
Kg6 Ne3 55. h6 Nf5 0-1

[Event "*** Titled Tuesday Blitz"]
[Site "Chess.com"]
[Date "2021.03.16"]
[Round "8"]
[White "rynos0411"]
[Black "GMRafpig"]
[Result "1/2-1/2"]
[WhiteElo "2509"]
[BlackElo "2631"]
[TimeControl "180+1"]
[EndTime "11:28:44 PDT"]
[Termination "Game drawn by repetition"]

1. d4 Nf6 2. c4 e6 3. Nf3 Bb4+ 4. Bd2 c5 5. Bxb4 cxb4 6. a3 Qe7 7.
Qb3 bxa3 8. Rxa3 O-O 9. Nc3 Nc6 10. e3 d6 11. Be2 b6 12. O-O e5 13. d5 Na5 14. Qa2 Bg4 15. b4 Nb7 16. Rxa7 Rab8 17. Qa6 Bxf3 18. Bxf3 Qc7 19. Be2 Nd7 20. Nb5 Qc8 21.
Ra1 Rd8 22. Rc1 Nf6 23. Qxb6 Nxd5 24. Qa6 Nxb4 25. Qa3 Nc6 26. Ra6 Ne7 27. Nxd6 Qc7 28.
Nxb7 Rxb7 29. Ra8 Rbb8 30. Rxb8 Rxb8 31. g3 Nc6 32. Qc5 Rc8 33. Bf3 f6 34. Bd5+ Kh8 35. Rb1 h6 36. Be6 Re8 37. Bd5 Rc8 38. Rb6 Ne7 39.
Qxc7 Rxc7 40. Rb8+ Kh7 41. Be4+ f5 42. Bd3 e4 43.
Be2 Kg6 44. Kg2 Kf6 45. Rb6+ Ke5 46. Rb5+ Kf6 47. h4 g5 48. hxg5+ hxg5 49. Rb6+ Ke5 50. Rb8 g4 51. Re8 Kf6 52. Kf1 Ng6 53. Ke1 Ne5 54.
Rf8+ Ke6 55. Re8+ Kf6 56. Rf8+ Ke6 57. Re8+ Kf6 1/2-1/2

[Event "*** Titled Tuesday Blitz"]
[Site "Chess.com"]
[Date "2021.03.16"]
[Round "8"]
[White "Fischerev7"]
[Black "GameOverBro"]
[Result "0-1"]
[WhiteElo "2393"]
[BlackElo "2518"]
[TimeControl "180+1"]
[EndTime "11:28:46 PDT"]
[Termination "GameOverBro won on time"]

1. e4 Nf6 2. Nc3 d6 3. d4 e5 4. Nf3 Nbd7 5. Bc4 Be7 6. O-O c6 7. a4 Qc7 8. h3 h6 9. a5 O-O 10. Bb3 Re8 11. dxe5 dxe5 12. Qe2 Nc5 13. Bc4 Be6 14.
Rd1 b5 15. axb6 axb6 16. Rxa8 Rxa8 17. b4 b5 18. Bxb5 cxb5 19. Nxb5 Qb8 20. bxc5 Bxc5 21. c4 Ra1 22. Qb2 Ra4 23. Qxe5 Qxe5 24. Nxe5 Nxe4 25.
Be3 Bxe3 26. fxe3 Bxc4 27. Nxc4 Rxc4 28. Rd4 Rc1+ 29. Kh2 Nf6 30. Rd2 Re1 31. Rd3 g5 32. Kg3 Ne4+ 33. Kf3 f5 34. g4 Rf1+ 35. Ke2 Rf2+ 36.
Ke1 Rb2 37. Nd6 fxg4 38. Nxe4 gxh3 39. Ng3 h2 40. Rd2 Rb1+ 41. Kf2 h1=Q 42. Nxh1 Rxh1 43. Rd7 Ra1 44. Kf3 Rf1+ 45. Kg2 Rf7 46. Rd6 Kg7 47. e4 Rf6 48. Rd7+ Kg6 49. Kg3 Rf4 50. Re7 h5 51.
Re6+ Kf7 52. Re5 h4+ 53. Kg2 Kf6 54. Re8 Kg6 55. Re6+ Kh5 56. Re8 Kg4 57. Re5 h3+ 58. Kg1 Rf3 59. Re8 Kg3 60. Rg8 h2+ 0-1

[Event "*** Titled Tuesday Blitz"]
[Site "Chess.com"]
[Date "2021.03.16"]
[Round "8"]
[White "AsaHoffmann"]
[Black "FMJoseHerrera"]
[Result "1-0"]
[WhiteElo "2367"]
[BlackElo "2500"]
[TimeControl "180+1"]
[EndTime "11:28:46 PDT"]
[Termination "AsaHoffmann won by resignation"]

1. d4 Nf6 2. Bg5 Ne4 3. Bf4 c5 4. f3 Qa5+ 5. c3 Nf6 6. d5 Qb6 7. e4 g6 8. Qd2 Bg7 9. Na3 h5 10.
Nc4 Qd8 11. d6 e6 12. a4 O-O 13. Bg5 Qe8 14. Nh3 b6 15. Be2 Nc6 16. O-O e5 17. Nf2 Ba6 18. Rfd1 Bxc4 19. Bxc4 Na5 20. Ba2 c4 21. Qe3 Rc8 22. Rac1 Nh7 23. Be7 f5 24. Bxf8 Nxf8 25. exf5 gxf5 26. Qg5 Qf7 27. Bb1 Nb3 28. Qxf5 Nxc1 29. Rxc1 Rc6 30. Qxf7+ Kxf7 31. Rd1 Ne6 32. Be4 Rc8 33. Bd5 Bf8 34. Ne4 Kg6 35. Bxe6 dxe6 36. d7 Rd8 37. h4 Be7 38. g3 Kf7 39. Kf2 Kg6 40. Ke3 Kf7 41. Ng5+ Kf6 42. Ke4 a6 43. Rd2 b5 44. axb5 axb5 45. Nh3 b4 46. f4 exf4 47. Nxf4 bxc3 48. bxc3 e5 49. Nxh5+ Ke6 50. Ng7+ Kf6 51. Nf5 Ba3 52. g4 Ke6 53. g5 Bc1 54. Rd5 Bf4 55.
g6 Kf6 56. h5 Kg5 57. g7 Kxh5 58. g8=Q Rxg8 59. d8=Q Rxd8 60. Rxd8 1-0

[Event "*** Titled Tuesday Blitz"]
[Site "Chess.com"]
[Date "2021.03.16"]
[Round "8"]
[White "XDPS"]
[Black "Msb2"]
[Result "0-1"]
[WhiteElo "2808"]
[BlackElo "2923"]
[TimeControl "180+1"]
[EndTime "11:28:48 PDT"]
[Termination "Msb2 won on time"]

1. Nf3 d5 2. b3 Bg4 3. Bb2 Nd7 4. c4 e6 5. e3 Ngf6 6. h3 Bh5 7. Nc3 c6 8. g4 Bg6 9. Nh4 Nc5 10. Nxg6 hxg6 11.
Qe2 a5 12. Rb1 Be7 13. f3 g5 14. Kf2 d4 15. Nd1 d3 16. Qe1 Qc7 17. Kg2 Bd6 18.
Bd4 O-O-O 19. Nf2 e5 20. Bxc5 Bxc5 21. Bxd3 Bb4 22. Qe2 e4 23. fxe4 Qe5 24. Rbd1 Qb2 25. Bb1 Rxd2 26. Rxd2 Qxd2 27. Qxd2 Bxd2 28. e5 Ne8 29. Kf3 g6 30. Rd1 Bc3 31. Ke4 Ng7 32. Rd3 Ba1 33. Rd1 Re8 34. Nd3 f6 35.
Kf3 Bxe5 36. Nxe5 Rxe5 37. Bxg6 Kc7 38. e4 b5 39. Bf5 Ne8 40. Rd7+ Kb6 41. cxb5 cxb5 42.
Ke3 Rc5 43. Kd4 Rc1 44. Re7 Rd1+ 45. Ke3 Nd6 46. Re6 Kc5 47. Rxf6 Re1+ 48. Kf2 Rh1 49. Kg3 Rf1 50. e5 Ne8 51. Rf7 Re1 52. Re7 Nc7 53.
Rd7 Kb6 0-1

[Event "*** Titled Tuesday Blitz"]
[Site "Chess.com"]
[Date "2021.03.16"]
[Round "8"]
[White "BogdanDeac"]
[Black "Evgeny81"]
[Result "1/2-1/2"]
[WhiteElo "2971"]
[BlackElo "2782"]
[TimeControl "180+1"]
[EndTime "11:28:49 PDT"]
[Termination "Game drawn - insufficient material"]

1. e4 c6 2. Nf3 d5 3. d3 dxe4 4. dxe4 Qxd1+ 5. Kxd1 f6 6. Ne1 e5 7. Nd3 Be6 8. Be3 Nd7 9. a4 g6 10. a5 Bh6 11. Kd2 Bxe3+ 12. Kxe3 Nh6 13. f3 f5 14. Nc3 Ke7 15. Be2 Rhf8 16. Ra4 Nf7 17. h4 Nd6 18. b3 h6 19. Nd1 f4+ 20. Kd2 Rh8 21. g4 fxg3 22. Rg1 Rag8 23. Rxg3 g5 24. hxg5 Rxg5 25.
Rxg5 hxg5 26. N1f2 Rh2 27. c4 Ne8 28. Ra1 Nef6 29.
Rg1 Nh7 30. Ke3 Rh4 31. Rc1 Kf6 32. b4 Ke7 33. b5 c5 34. b6 axb6 35. axb6 Nhf6 36. Rb1 g4 37. fxg4 Bxg4 38. Nxg4 Nxg4+ 39. Bxg4 Rxg4 40. Rh1 Rg3+ 41. Ke2 Nxb6 42. Nxc5 Nxc4 43. Nxb7 Re3+ 44. Kf2 Rxe4 45. Nc5 Rf4+ 46. Ke2 Kd6 47. Nd3 Re4+ 48. Kf2 Rd4 49. Rh6+ Kd5 50. Ke2 Re4+ 51.
Kf2 Rg4 52. Rh5 Rg7 53. Ke2 Kd4 54. Nf2 e4 55. Rh4 Re7 56. Rxe4+ Rxe4+ 57. Nxe4 1/2-1/2

[Event "*** Titled Tuesday Blitz"]
[Site "Chess.com"]
[Date "2021.03.16"]
[Round "8"]
[White "Fighter008"]
[Black "Chigorinetz"]
[Result "1-0"]
[WhiteElo "2639"]
[BlackElo "2498"]
[TimeControl "180+1"]
[EndTime "11:28:49 PDT"]
[Termination "Fighter008 won on time"]

1. e4 c5 2. Nf3 Nc6 3. Bb5 g5 4.
Nxg5 Nf6 5. Nc3 Rg8 6. d3 h6 7.
Nf3 Rxg2 8. Be3 d6 9. d4 cxd4 10. Nxd4 Bd7 11. Bf1 Rg6 12. Qd2 Ng4 13. O-O-O Nxe3 14. fxe3 e6 15. Be2 a6 16. Rhf1 Ne5 17. Nf3 Nxf3 18.
Bxf3 Rc8 19. e5 d5 20. Bh5 Rg7 21. e4 Qg5 22. Qxg5 hxg5 23. exd5 Bb4 24. Ne4 Bb5 25. d6 Kf8 26. Rf6 Rh7 27. d7 Rd8 28. Bg4 Ke7 29. Nxg5 Rxd7 30. Rxd7+ Bxd7 31. Nxh7 Bc5 32. Kd1 Bd4 33. Rf1 Bxe5 34. Ng5 f5 35. Be2 Bc6 36. Nf3 Bf4 37. h3 Bd5 38. b3 Kf6 39. Bd3 e5 40. c4 Bc6 41. Be2 Be3 42. h4 e4 43. Ng5 f4 44. Nh3 Ke5 45. Nf2 f3 46. Bxf3 exf3 47. Ng4+ Kf4 48. Nxe3 Kxe3 49. Ke1 Be8 50. Rf2 Bh5 51. Rh2 a5 52. a3 1-0

[Event "*** Titled Tuesday Blitz"]
[Site "Chess.com"]
[Date "2021.03.16"]
[Round "8"]
[White "Fortitudine"]
[Black "RamyresCoelho"]
[Result "0-1"]
[WhiteElo "2279"]
[BlackElo "2106"]
[TimeControl "180+1"]
[EndTime "11:28:51 PDT"]
[Termination "RamyresCoelho won by checkmate"]

1. c4 Nf6 2. g3 g6 3. Bg2 Bg7 4. Nc3 O-O 5. e4 d6 6. d3 e5 7. Nge2 Nc6 8. O-O h6 9. h3 Be6 10. Be3 Qc8 11. Kh2 Nh5 12. Qd2 Kh7 13. g4 Nf4 14. Nxf4 exf4 15. Bxf4 f5 16. exf5 gxf5 17. g5 hxg5 18. Bxg5 f4 19. Be4+ Kg8 20. Rg1 Nd4 21.
Nd5 Kf7 22. Qxf4+ Bf5 23. Qh4 Rh8 24. Qg3 Rxh3+ 25. Qxh3 Bxh3 26. Ne7 Qh8 27. Ng6 Qh5 28. Nf4 Be5 29. Rg3 Rh8 30. Kg1 Ne2+ 31. Nxe2 Bxg3 32.
Nxg3 Qxg5 33. Bd5+ Ke7 34. Re1+ Kd7 35. Bxb7 Bg4 36.
Bg2 Bh3 37. Bf3 Bg4 38. Bg2 Be6 39. Ne4 Qh6 40. Ng3 Qh2+ 41. Kf1 Bh3 42. Bxh3+ Qxh3+ 43. Ke2 Qg4+ 44. Kd2 Rf8 45. Ne4 Qf4+ 46. Kc3 Qe5+ 47. Kc2 Rxf2+ 48. Kd1 Qxb2 49. Rh1 Qb1# 0-1

[Event "*** Titled Tuesday Blitz"]
[Site "Chess.com"]
[Date "2021.03.16"]
[Round "8"]
[White "politeplayer"]
[Black "DinaBelenkaya"]
[Result "1-0"]
[WhiteElo "2259"]
[BlackElo "2362"]
[TimeControl "180+1"]
[EndTime "11:28:52 PDT"]
[Termination "politeplayer won on time"]

1. e4 d5 2. d4 dxe4 3. Nc3 c6 4. Nxe4 Bf5 5. Ng3 Bg6 6. Bc4 e6 7. N1e2 Bd6 8. Nf4 Qc7 9. Qf3 Bxc2 10. O-O Ne7 11.
Bxe6 fxe6 12. Nxe6 Qd7 13. Nxg7+ Kd8 14. Re1 Na6 15.
Ne6+ Kc8 16. Bg5 Nd5 17. Rac1 Re8 18. Qf5 Nac7 19. Rxc2 Rxe6 20. Rxe6 Qxe6 21. Qxh7 b6 22. Re2 Qd7 23. Qxd7+ Kxd7 24. Nf5 Re8 25. Rxe8 Nxe8 26. Nxd6 Nxd6 27. h4 Nf5 28. h5 Ke6 29. h6 Kf7 30.
g4 Nxd4 31. Kg2 Ne6 32. Bc1 Kg6 33. Kg3 Nf6 34. b3 Ne4+ 35. Kg2 Nc3 36. f4 Nf8 37.
f5+ Kf7 38. g5 Ne2 39. Bb2 Nf4+ 40. Kf3 Nd3 41. Bc3 b5 42. Kg4 b4 43. Ba1 c5 44.
Kh5 Nf4+ 45. Kg4 Ne2 46. g6+ Nxg6 47. fxg6+ Kxg6 48. Kf3 Nc1 49. Ke4 Nxa2 50. Kd5 Nc1 51. Bg7 Nxb3 52. Kc4 Nd2+ 53. Kxc5 b3 54. Kb4 1-0

[Event "*** Titled Tuesday Blitz"]
[Site "Chess.com"]
[Date "2021.03.16"]
[Round "8"]
[White "Susal_De_Silva"]
[Black "1977Ivan"]
[Result "0-1"]
[WhiteElo "2634"]
[BlackElo "2807"]
[TimeControl "180+1"]
[EndTime "11:28:54 PDT"]
[Termination "1977Ivan won on time"]

1. e4 c5 2. Nf3 e6 3. d4 cxd4 4.
Nxd4 Nc6 5. Be2 Qc7 6. O-O a6 7. Nc3 b5 8. Nxc6 Qxc6 9. Bf3 Bb7 10. Bf4 Ne7 11. Re1 Ng6 12. Bg3 Bc5 13. h4 d6 14. h5 Ne5 15. h6 gxh6 16. Nd5 exd5 17.
exd5 Qb6 18. Bxe5 dxe5 19. Rxe5+ Kf8 20. Qd2 Rg8 21. Rae1 Rg6 22. Rf5 Rf6 23. Qc3 Bxf2+ 24. Kh1 Bxe1 25. Rxf6 Bxc3 26. Rxb6 Bxd5 27. Bxd5 Rd8 28.
bxc3 Rxd5 29. Rxa6 Kg7 30. Rb6 Rc5 31. Kg1 h5 32.
Kf1 h4 33. Ke1 Rxc3 34. Rxb5 Rxc2 35. Kf1 Rxa2 36. Kg1 Kg6 37. Kh2 f5 38. Kh3 Kg5 39. Rb7 Ra3+ 40. Kh2 h6 41. Rg7+ Kh5 42. Rf7 Ra5 43. Rf8 Rd5 44. Rf7 Kg4 45. Rg7+ Kf4 46. Rg6 h5 47. Rh6 Kg5 48. Rh8 Rd3 49. Rg8+ Kf4 50. Rh8 h3 51. Rxh5 hxg2 52. Kxg2 Rd2+ 53. Kf1 Kg4 54. Rh8 f4 55. Ra8 Kg3 56. Ra3+ f3 57.
Ra1 Rh2 0-1

[Event "*** Titled Tuesday Blitz"]
[Site "Chess.com"]
[Date "2021.03.16"]
[Round "8"]
[White "Jumbo"]
[Black "MITerryble"]
[Result "0-1"]
[WhiteElo "2825"]
[BlackElo "2917"]
[TimeControl "180+1"]
[EndTime "11:28:55 PDT"]
[Termination "MITerryble won by resignation"]

1. d4 e6 2. c4 Bb4+ 3. Bd2 Qe7 4.
e3 Nf6 5. Bd3 Bxd2+ 6. Qxd2 d6 7.
Nc3 O-O 8. Nge2 e5 9. O-O c6 10. e4 Nbd7 11. Rfe1 Re8 12. f3 Nf8 13. Rad1 Ng6 14.
Bc2 Be6 15. Bb3 Rad8 16. Qe3 a6 17. Qf2 b5 18. d5 cxd5 19. exd5 Bd7 20. c5 dxc5 21. d6 Qf8 22. Qxc5 Rc8 23. Qb4 Rc6 24. Ng3 Ra8 25. Nce4 Nxe4 26. Nxe4 Ra7 27. Bd5 Rc8 28. Ng5 Bc6 29. Bb3 h6 30. Ne4 Rd7 31. Bd5 Bxd5 32. Rxd5 Nf4 33. Rd2 Rc6 34. Red1 Qc8 35. Qb3 Rc4 36. Qe3 Qc6 37. Ng3 f6 38. Nf5 Qc5 39.
b3 Qxe3+ 40. Nxe3 Rc6 41. g3 Ne6 42. Nf5 Kf7 43. g4 Nd4 44. Nxd4 Rcxd6 45. Kf2 Rxd4 46.
Rxd4 Rxd4 47. Rxd4 exd4 48. Ke2 Ke6 49. Kd3 Ke5 50.
a4 g6 51. a5 f5 52. h4 fxg4 53. fxg4 g5 54. hxg5 hxg5 55. b4 Kd5 0-1

[Event "*** Titled Tuesday Blitz"]
[Site "Chess.com"]
[Date "2021.03.16"]
[Round "8"]
[White "ChristopherYoo"]
[Black "Murad_Ibrahimli"]
[Result "1-0"]
[WhiteElo "2910"]
[BlackElo "2782"]
[TimeControl "180+1"]
[EndTime "11:28:55 PDT"]
[Termination "ChristopherYoo won on time"]

1. c4 Nf6 2. Nf3 b6 3. d4 Bb7 4.
g3 e6 5. Bg2 Bb4+ 6. Bd2 a5 7.
O-O O-O 8. Nc3 Bxc3 9. Bxc3 d6 10. Nd2 Bxg2 11. Kxg2 Nbd7 12. e4 Qb8 13. Re1 b5 14. e5 Ne8 15. cxb5 Qxb5 16. Qf3 Nb6 17. a4 Qd5 18. Qxd5 Nxd5 19. Nc4 dxe5 20. dxe5 Nxc3 21. bxc3 c6 22. Rab1 Nc7 23. Rb6 Nd5 24. Rxc6 Rfc8 25. Rxc8+ Rxc8 26. Nxa5 Ra8 27. c4 Nb6 28. c5 Nxa4 29.
c6 Rxa5 30. c7 Rc5 31. Rb1 g5 32. Rb8+ Kg7 33. c8=Q Rxc8 34. Rxc8 Nb6 35. Rc7 Nd5 36. Rd7 Kg6 37. Kf3 Nc3 38. Ke3 Nd5+ 39. Kd4 Nb4 40. Ke4 h5 41. h3 Na6 42. Kd4 Nb4 43. Kc5 Nc2 44. Kc4 Ne1 45. Kd4 Nf3+ 46. Ke4 Ng1 47. h4 g4 48. Rd1 Nf3 49. Rd3 Ne1 50. Rc3 Nf3 51. Rxf3 gxf3 52. Kf4 f6 53. exf6 Kxf6 54.
Kxf3 Kf5 55. Ke3 e5 56. f3 Kf6 57. g4 1-0

[Event "*** Titled Tuesday Blitz"]
[Site "Chess.com"]
[Date "2021.03.16"]
[Round "8"]
[White "Zhigalko_Sergei"]
[Black "eljanov"]
[Result "0-1"]
[WhiteElo "2932"]
[BlackElo "2885"]
[TimeControl "180+1"]
[EndTime "11:28:59 PDT"]
[Termination "eljanov won on time"]

1. e4 c6 2. d4 d5 3. e5 Bf5 4. Nf3 e6 5. Be2 Ne7 6. O-O c5 7. dxc5 Nec6 8. Be3 Nd7 9. c4 dxc4 10. Na3 Bxc5 11.
Nxc4 O-O 12. Qc1 Bxe3 13. Qxe3 Nb6 14. Nd6 Bg4 15. Qe4 Bxf3 16. Bxf3 Nd5 17. Rad1 Rb8 18. Rfe1 Qb6 19. Nc4 Qc7 20. h4 Rfd8 21. Rc1 Qe7 22. a3 h6 23. Qg4 b5 24. Bxd5 Rxd5 25. Ne3 Rc5 26. Qg3 Rc8 27. Ng4 Kh8 28. b4 Rc4 29. Ne3 Rxc1 30. Rxc1 Qd8 31. Qf4 Kg8 32. Rc5 a6 33. Qe4 Qd7 34. g3 Ne7 35. Kg2 Rxc5 36. bxc5 Nc6 37. h5 a5 38. g4 b4 39.
axb4 axb4 40. Nc4 b3 41. Nd6 Qc7 42. Qa4 Qb8 43. Qxc6 b2 44. Qd7 b1=Q 45. Qxf7+ Kh8 46. Qxe6 Qa8+ 47. f3 Qaa2+ 48. Qxa2 Qxa2+ 49. Kg3 Qd5 50. Kh3 Qxf3+ 51. Kh4 Qf2+ 52. Kh3 Qxc5 53. Nf5 Qxe5 54. Nh4 Kg8 55. Ng6 Qe4 56. Kh4 Qg2 57. Nf4 Qf2+ 58. Kh3 Qxf4 0-1

[Event "*** Titled Tuesday Blitz"]
[Site "Chess.com"]
[Date "2021.03.16"]
[Round "8"]
[White "ChrisTool2"]
[Black "vladgoncharov"]
[Result "0-1"]
[WhiteElo "2344"]
[BlackElo "2452"]
[TimeControl "180+1"]
[EndTime "11:29:01 PDT"]
[Termination "vladgoncharov won by checkmate"]

1. e4 e6 2. d4 d5 3. Nc3 Bb4 4. e5 b6 5. Bd2 Qd7 6. Qg4 Bf8 7. O-O-O Ba6 8. h4 Bxf1 9. Rxf1 h5 10. Qh3 Nc6 11.
Nge2 Nh6 12. Bxh6 Rxh6 13. f4 g6 14. g4 hxg4 15. Qxg4 O-O-O 16. h5 Bb4 17. hxg6 Rxg6 18. Qf3 f5 19. a3 Bxc3 20. Qxc3 Rdg8 21. Kb1 Kb7 22.
Nc1 Na5 23. Rh3 Qb5 24. Rfh1 Nc4 25. Rh7 Qa5 26. Qxa5 Nxa5 27. b3 Nc6 28. Rd1 Rg2 29.
Kb2 R8g6 30. Kc3 a5 31. Rd7 Rh2 32. b4 axb4+ 33. axb4 Na7 34. Nd3 Nb5+ 35. Kb2 Nxd4 36. Ne1 Ne2 37. Nf3 Rf2 38. Ng5 Nxf4 39. Nf7 Kc6 40. Re7 Rg8 41. Ra1 d4 42. Ra7 d3 43.
Rexc7+ Kd5 44. Rd7+ Ke4 45. Kb3 d2 46. Nd6+ Kf3 47.
Nc4 Nd5 48. Nxd2+ Rxd2 49. c4 Rd3+ 50. Kc2 Rc3+ 51. Kb2 Rxc4 52. Ra3+ Ke4 53. Rh3 Rg2+ 54. Kb3 Rxb4+ 55. Ka3 Rb5 56. Rh4+ Kxe5 57. Rf7 Rg3+ 58.
Ka2 Ra5+ 59. Kb2 Rb5+ 60. Kc2 Rc5+ 61. Kd2 Ra5 62. Rc7 Ra2+ 63. Ke1 Rg1# 0-1

[Event "*** Titled Tuesday Blitz"]
[Site "Chess.com"]
[Date "2021.03.16"]
[Round "8"]
[White "eCztery"]
[Black "andriipalchuk"]
[Result "0-1"]
[WhiteElo "2407"]
[BlackElo "2570"]
[TimeControl "180+1"]
[EndTime "11:29:02 PDT"]
[Termination "andriipalchuk won by resignation"]

1. e4 c6 2. Nc3 d5 3. Nf3 dxe4 4. Nxe4 Nf6 5. Qe2 Nxe4 6. Qxe4 Qd5 7. Qh4 Qe6+ 8. Be2 Qg4 9. Qxg4 Bxg4 10. O-O Nd7 11. d4 e6 12. Bf4 h6 13. Rfe1 O-O-O 14. c3 Be7 15. a4 a5 16. b4 axb4 17. a5 bxc3 18.
a6 b5 19. h3 Bf5 20. d5 exd5 21. Nd4 Bg6 22. Nxc6 Rde8 23. Bg4 Bc5 24. Rxe8+ Rxe8 25. a7 Kb7 26. Bxd7 Ra8 27. Na5+ Kb6 28. Bb8 d4 29. Bc6 Rxa7 30. Bxa7+ Kxa7 31. Nb3+ Kb6 32. Bf3 d3 33. Kf1 d2 34. Bd1 Bd3+ 35. Kg1 c2 36. Bxc2 Bxc2 37.
Nxd2 Bd3 38. Rc1 Bg6 39. Nb3 Be7 40. Re1 Bf6 41. Rd1 b4 42. Kf1 Kb5 43. Ke2 Kc4 44. Nd2+ Kb5 45. f3 Bc2 46. Rc1 b3 47. Nxb3 Bxb3 48. Rc7 Be6 49. f4 Kb6 50. Rc2 Bf5 51. g4 Bxc2 52. Kf3 Bd3 53. Kg3 Kc5 54. h4 Kd4 55. g5 hxg5 56. fxg5 Bxg5 57. Kg4 Bg6 58.
h5 Bxh5+ 59. Kxh5 Bh6 0-1

[Event "*** Titled Tuesday Blitz"]
[Site "Chess.com"]
[Date "2021.03.16"]
[Round "8"]
[White "bakki78"]
[Black "Gahan-MG"]
[Result "1-0"]
[WhiteElo "2785"]
[BlackElo "2681"]
[TimeControl "180+1"]
[EndTime "11:29:05 PDT"]
[Termination "bakki78 won by resignation"]

1. e4 c5 2. Nf3 d6 3. d4 cxd4 4. Nxd4 Nf6 5. Nc3 a6 6. h3 e5 7. Nde2 h5 8. g3 Be7 9. a4 Be6 10. Bg2 Nbd7 11. b3 Rc8 12. f4 g6 13. Be3 h4 14.
O-O Nc5 15. f5 Bd7 16. g4 gxf5 17. exf5 Bc6 18. Nd5 Nxd5 19. Bxd5 Bg5 20. Bxg5 Qxg5 21. Rf3 Rh6 22. b4 Ne4 23. c4 Nd2 24. Bxc6+ Rxc6 25. Rc3 Rxc4 26. Qc2 Qe3+ 27. Rxe3 Rxc2 28. Nc3 Nc4 29.
Rd3 Ke7 30. Nd5+ Kf8 31. Rc3 Rxc3 32. Nxc3 Nb6 33. a5 Nc4 34. Nd5 Nd2 35. Rc1 Nf3+ 36. Kf2 Nd4 37. Rc8+ Kg7 38. Ke3 Rh8 39. Rc7 Rb8 40.
Ke4 Nc6 41. g5 Kg8 42. f6 Nd4 43. Ne7+ Kf8 44. g6 d5+ 45. Kd3 fxg6 46. Nxg6+ Ke8 47. f7+ Kd8 48. f8=Q+ Kxc7 49. Qe7+ Kc6 50. Qxe5 Rd8 51. Qxd4 Rd6 52. Ne5+ Kc7 53. Qc5+ Rc6 54. Nxc6 1-0

[Event "*** Titled Tuesday Blitz"]
[Site "Chess.com"]
[Date "2021.03.16"]
[Round "8"]
[White "KyrgyzFighter"]
[Black "SF-96"]
[Result "0-1"]
[WhiteElo "2423"]
[BlackElo "2594"]
[TimeControl "180+1"]
[EndTime "11:29:05 PDT"]
[Termination "SF-96 won on time"]

1. c4 Nf6 2. Nc3 d5 3. d4 g6 4. e3 Bg7 5. Nf3 O-O 6. Qb3 dxc4 7. Bxc4 c5 8. O-O cxd4 9. exd4 Nc6 10. Ne5 Nxe5 11.
dxe5 Ng4 12. e6 fxe6 13. Bxe6+ Kh8 14. Bxg4 Bxg4 15. Bg5 Qd7 16. Rae1 Rae8 17. Qa3 Qd3 18. Rxe7 Rxe7 19. Qxe7 h6 20. Be3 b5 21. h3 Bf5 22.
Rd1 Qc2 23. Bd4 Rg8 24. Bxg7+ Rxg7 25. Rd8+ Kh7 26. Qe8 Qc1+ 27. Nd1 g5 28. Qh8+ Kg6 29. Rd6+ Kf7 30. Qd8 Be6 31. Rd3 Kg6 32. Rf3 Rf7 33. Qd3+ Kg7 34. Qc3+ Kg6 35. Rxf7 Qxd1+ 36. Kh2 Bxf7 37.
Qc6+ Kg7 38. Qxb5 Qd6+ 39. g3 Qf6 40. Qe2 h5 41. h4 gxh4 42. b4 hxg3+ 43. fxg3 Bd5 44.
a4 h4 45. Qg4+ Qg6 46. Qd7+ Bf7 47. Qd4+ Qf6 48. Qg4+ Bg6 49. Qd7+ Kh6 50. Qd2+ Kh5 51. Qd5+ Bf5 52. Qf3+ Kg6 53. g4 Qe5+ 54. Kh3 Be4 55.
Qe3 Bg2+ 56. Kxg2 Qxe3 0-1